 Dungeon Crawl Stone Soup version 0.26-a0-712-ga5a9c9c9d0 (webtiles) character file.

Game seed: 6762672644770681358

52 marklar909 the Conjurer (level 3, -6/26 HPs)
             Began as a Draconian Conjurer on Oct 31, 2020.
             Killed by nerve-wracking pain
             ... invoked by Grinder
              (12 damage)
             ... on level 3 of the Dungeon on Nov 2, 2020.
             The game lasted 00:03:33 (2467 turns).

marklar909 the Conjurer (Draconian Conjurer)        Turns: 2467, Time: 00:03:33

Health: -6/26      AC:  6    Str: 10    XL:     3   Next: 60%
Magic:  1/6        EV: 12    Int: 18    God:
Gold:   133        SH:  0    Dex:  9    Spells: 4/7 levels left

rFire    . . .     SeeInvis .   (no weapon)
rCold    . . .     Faith    .   (no shield)
rNeg     . . .     Spirit   .   (armour unavailable)
rPois    .         Reflect  .   (helmet restricted)
rElec    .         Harm     .   m - +0 cloak
rCorr    .         Rampage  .   (no gloves)
MR       .....                  (no boots)
Stlth    ++........             (no amulet)
HPRegen  0.08/turn              (no ring)
MPRegen  0.10/turn              (no ring)

@: no status effects
A: unfitting armour, cold-blooded, AC +5
a: no special abilities


You were on level 3 of the Dungeon.
You visited 1 branch of the dungeon, and saw 3 of its levels.

You collected 133 gold pieces.

Inventory:

Hand Weapons
 j - a +2 whip of electrocution
Missiles
 p - 16 poisoned darts (quivered)
Armour
 m - a +0 cloak (worn)
Jewellery
 k - an uncursed amulet of faith {unknown}
 l - an uncursed amulet of reflection {unknown}
Scrolls
 a - a scroll of immolation {unknown}
 c - a scroll of enchant weapon
 d - a scroll of random uselessness {unknown}
 h - a scroll of identify
 q - a scroll of noise {unknown}
 r - a scroll of teleportation {unknown}
 s - a scroll of fear {unknown}
 t - a scroll of remove curse {unknown}
 u - 2 scrolls of magic mapping {unknown}
 v - a scroll of enchant armour {unknown}
Potions
 b - a potion of resistance {unknown}
 e - 2 potions of cancellation
 f - 2 potions of curing {unknown}
 g - a potion of might {unknown}
 i - 2 potions of mutation {unknown}
 n - a potion of heal wounds {unknown}
 o - a potion of haste {unknown}


   Skills:
 + Level 0.1 Maces & Flails
 + Level 2.1 Dodging
 + Level 1.8 Stealth
 + Level 2.6 Spellcasting
 + Level 4.7 Conjurations


You had 4 spell levels left.
You knew the following spells:

 Your Spells              Type           Power        Failure   Level
a - Magic Dart            Conj           ###.         2%          1
b - Searing Ray           Conj           ###...       3%          2

Your spell library contained the following spells:

 Spells                   Type           Power        Failure   Level
 Animate Skeleton         Necr           #.....       17%         1
 Apportation              Tloc           #.....       17%         1
 Corona                   Hex            #......      17%         1
 Summon Small Mammal      Summ           #...         17%         1
 Dazzling Flash           Conj/Hex       ##....       19%         3
 Fulminant Prism          Conj/Hex       ##........   54%         4
 Iskenderun's Mystic Bla  Conj/Tloc      ##......     54%         4


Dungeon Overview and Level Annotations

Branches:
Dungeon (3/15)

Altars:

Annotations:
D:3 Grinder


Innate Abilities, Weirdness & Mutations

Your plain brown scales are hard. (AC +5)
You cannot fit into any form of body armour.
You are cold-blooded and may be slowed by cold attacks.


Message History

Grinder gestures at you.
You suddenly lose the ability to move!
Grinder gestures at you. Pain shoots through your body!
Grinder gestures at you. Pain shoots through your body!
* * * LOW HITPOINT WARNING * * *
You can move again.
You aren't carrying any items that you can evoke.
Unknown command.
As you read the scroll labeled IKHOECOPUS, it crumbles to dust.
It is a scroll of identify.
e - 2 potions of cancellation
As you read the scroll labeled JEZOAKK GAEN, it crumbles to dust.
It is a scroll of enchant weapon.
Your +1 whip of electrocution glows red for a moment.
Grinder says, "Just stop there for a second..."
Grinder gestures at you. Pain shoots through your body!
You die...

.....(.......#
.............#
.............#
.............##
(....!...†....#
..............##
#....!.........#
#....§.........#
............5@.##
...###########..#
.o #..## . #...#
####..# #....>#
#.##### #.# + #.#


You could see Grinder.

Vanquished Creatures
  An adder (D:2)
  5 worms
  An orc (D:3)
  3 giant cockroaches (D:2)
  3 goblins (D:1)
  2 jackals (D:1)
  2 kobolds
  4 ball pythons
  4 bats
  2 frilled lizards
  A rat (D:1)
28 creatures vanquished.

Notes
Turn   | Place    | Note
-------+----------+-------------------------------------------
     0 | D:1      | marklar909 the Draconian Conjurer began the quest for the
                  | Orb.
     0 | D:1      | Reached XP level 1. HP: 14/14 MP: 3/3
   433 | D:1      | Reached XP level 2. HP: 20/20 MP: 1/5
  1293 | D:2      | Learned a level 2 spell: Searing Ray
  1519 | D:2      | Reached XP level 3. HP: 21/26 MP: 0/6
  2348 | D:2      | Upgraded the game from 0.26-a0-710-g95a0c6c400 to
                  | 0.26-a0-712-ga5a9c9c9d0
  2444 | D:3      | Noticed Grinder
  2451 | D:3      | Paralysed by Grinder for 6 turns
  2461 | D:3      | Paralysed by Grinder for 5 turns
  2467 | D:3      | Killed from afar by Grinder

Illustrated notes

Levels and vault maps discovered:
D:1:      minmay_arrival_hallway, layout_loops_ring
D:2:      minmay_door_path, layout_loops_ring, minmay_misc_feat_rows,
          minmay_stone_trees_small
D:3:      layout_basic, uniq_grinder

Skill      XL: |  1  2 |
---------------+-------+-----
Dodging        | 2 |  2.1
Maces & Flails | |  0.1
Stealth        | |  1.8
Spellcasting   | |  2.6
Conjurations   | |  4.7

Action                   || total
-------------------------++-------
Melee: Whip              ||    12
Throw: Dart              ||     6
 Cast: Magic Dart        ||    58
       Searing Ray       ||     5
  Use: Scroll            ||     2
Armor: Skin              ||     9
Dodge: Dodged            ||    29

Table legend: (Time is in decaauts)
 A = Elapsed time spent in this place.
 B = Non-inter-level travel time spent in this place.
 C = Inter-level travel time spent in this place.
 D = Time resting spent in this place.
 E = Time spent auto-exploring this place.
 F = Levels seen in this place.
 G = Mean time per level.
                   A        B        C        D        E       F      G
               +--------+--------+--------+--------+--------+-----+--------+
         Total |   2470 |   2228 |    242 |    451 |   1508 |   3 |  823.3 |
       Dungeon |   2470 |   2228 |    242 |    451 |   1508 |   3 |  823.3 |
               +--------+--------+--------+--------+--------+-----+--------+

Top non-repeatable levels by time:
     D:2: 1287 daAuts
     D:1: 1062 daAuts
     D:3: 120 daAuts
